 Dungeon Crawl Stone Soup version 0.17.1-3-g152610e (webtiles) character file.

404114 theElss the Hoplite (level 23, -2/240 HPs)
             Began as a Gargoyle Berserker on Feb 22, 2016.
             Was the Champion of Trog.
             Slain by a titan (10 damage)
             ... on level 3 of the Depths.
             The game lasted 03:49:28 (47762 turns).

theElss the Hoplite (Gargoyle Berserker)           Turns: 47762, Time: 03:49:28

Health: -2/240     AC: 48    Str: 37    XL:     23   Next: 36%
Magic:  32/32      EV: 12    Int:  9    God:    Trog [******]
Gold:   2235       SH: 28    Dex: 11    Spells: 0 memorised, 22 levels left

rFire  + . .     SeeInvis .     f - +12 morningstar "Joig Nemp" {venom, rC++ Dex-5}
rCold  + + +     Clarity  .     U - +2 plate armour {rC+}
rNeg   + . .     SustAt   .     J - +2 large shield {AC+3}
rPois  ∞         Gourm    .     e - +0 helmet
rElec  +         Spirit   .     u - +0 cloak
rCorr  .         Warding  .     F - +2 pair of fencer's gloves {LBl+4 SBl+4 EV+3 Dex+6}
rMut   +         Stasis   .     s - +0 pair of boots
MR     +++..                    L - amulet of resist mutation
Stlth  ..........               R - ring of protection from fire
                                W - ring "Umuch" {rElec rC+ Str+3 Stlth-}

@: berserking, flying, regenerating, very quick, extremely resistant to hostile
enchantments, extremely unstealthy
A: big wings, negative energy resistance 1, electricity resistance, unbreathing,
petrification resistance, rot immunity, AC +17
a: Stop Flying, Berserk, Trog's Hand, Brothers in Arms, Burn Spellbooks,
Renounce Religion
}: 2/15 runes: decaying, gossamer


You were on level 3 of the Depths.
You worshipped Trog.
Trog was exalted by your worship.
You were very hungry.

You visited 6 branches of the dungeon, and saw 38 of its levels.
You visited the Abyss 2 times.
You also visited: Ossuary, Ice Cave and Volcano.

You collected 4722 gold pieces.
You spent 2487 gold pieces at shops.

Inventory:

Hand Weapons
 f - the +12 morningstar "Joig Nemp" (weapon) {venom, rC++ Dex-5}
   (You bought it in a shop on level 4 of the Orcish Mines)

   It poisons the flesh of those it strikes.
   It affects your dexterity (-5).
   It greatly protects you from cold.
 h - the +4 falchion of Xima {speed, *Confuse rF- rC+++ Str+2}
   (Trog gifted it to you on level 2 of the Depths)

   Attacks with this weapon are significantly faster.
   It affects your strength (+2).
   It makes you vulnerable to fire.
   It renders you almost immune to cold.
   It may confuse you when you take damage.
 A - the +7 morningstar of Dividends {crush, MP+9 Int+2}
   (You found it on level 2 of the Depths)

   It inflicts extra damage upon your enemies.
   It affects your intelligence (+2).
   It affects your magic capacity (+9).
 Q - the +5 great mace "Daimel" {venom, rC+ Str+4}
   (Trog gifted it to you on level 11 of the Dungeon)

   It poisons the flesh of those it strikes.
   It affects your strength (+4).
   It protects you from cold.
 Z - a +0 demon whip
Armour
 a - a gold dragon hide
 e - a +0 helmet (worn)
 s - a +0 pair of boots (worn)
 u - a +0 cloak (worn)
 F - the +2 pair of fencer's gloves (worn) {LBl+4 SBl+4 EV+3 Dex+6}
   (You found it on level 7 of the Dungeon)

   It affects your evasion (+3).
   It affects your dexterity (+6).
 J - a +2 large shield of protection (worn)
 U - a +2 plate armour of cold resistance (worn)
Jewellery
 j - an uncursed ring of see invisible
 l - an uncursed amulet of clarity
 K - a +3 ring of slaying
 L - an amulet of resist mutation (around neck)
 M - a +5 ring of protection
 R - a ring of protection from fire (right hand)
 W - the ring "Umuch" (left hand) {rElec rC+ Str+3 Stlth-}
   (You found it on level 1 of the Lair of Beasts)

   [ring of strength]

   It affects your strength (+3).
   It protects you from cold.
   It insulates you from electricity.
   It makes you less stealthy.
 X - a +4 ring of slaying
 Y - an uncursed ring of stealth
Wands
 c - a wand of teleportation (5)
 i - a wand of heal wounds (0)
 q - a wand of fire (10)
 I - a wand of draining (3)
 N - a wand of lightning (11)
 T - a wand of digging (19)
Scrolls
 g - 26 scrolls of remove curse
 n - 6 scrolls of magic mapping
 t - 6 scrolls of fog
 y - 12 scrolls of teleportation
 B - a scroll of summoning
 C - a scroll of acquirement
 D - 2 scrolls of silence
 G - 7 scrolls of blinking
 H - a scroll of recharging
 O - 5 scrolls of identify
 S - 5 scrolls of holy word
 V - a scroll of fear
Potions
 b - 2 potions of might
 d - 18 potions of curing
 k - 3 potions of heal wounds
 o - a potion of cure mutation
 v - a potion of agility
 w - 6 potions of resistance
 z - 7 potions of haste
 E - 4 potions of cancellation
Miscellaneous
 p - a fan of gales
Comestibles
 m - a bread ration
 r - 3 beef jerkies
 x - a meat ration
 P - 5 chunks of flesh


   Skills:
 + Level 21.0 Fighting
 + Level 20.7 Maces & Flails
 + Level 15.4 Armour
 - Level 1.5 Dodging
 + Level 21.8 Shields
 - Level 12.0 Evocations


You had 22 spell levels left.
You didn't know any spells.

Dungeon Overview and Level Annotations

Branches:
Dungeon (15/15)            Temple (0/1) D:6            Lair (8/8) D:10
  Swamp (4/4) Lair:5       Spider (4/4) Lair:4        Slime (0/6) Lair:8
    Orc (4/4) D:11            Elf (0/3) Orc:4        Vaults (0/5) D:14
 Depths (3/5) D:15

Altars:
Cheibriados
Gozag
Kikubaaqudgha
Nemelex Xobeh
Qazlal
Ru
Trog
Vehumet
Yredelemnul
The Shining One
Beogh
Jiyva

Shops:
D:4 [*?   D:7 }!%*   Orc:1 %   Orc:2 (?:(   Orc:3 ?   Orc:4 =*[(

Portals:
Hell: Depths:1 Depths:2 Depths:3
Pandemonium: Depths:1 Depths:2
Ziggurat: Depths:2

Annotations:
D:4 exclusion: statue
D:9 water
Lair:5 exclusion: 4 oklob plants


Innate Abilities, Weirdness & Mutations

You are resistant to torment.
Your stone body is resilient (AC +17).
You are immune to poison.
Your large and strong wings let you fly indefinitely.
You resist negative energy.
You are resistant to electric shocks.
You can survive without breathing.
You are immune to petrification.
You are immune to rotting.


Message History

You block the deep troll shaman's attack. x2
The deep troll shaman claws you but does no damage.
You puncture the giant orange brain!
The giant orange brain is poisoned.
The giant orange brain is lightly wounded.
Unknown command.
You beat the giant orange brain like a drum!!!
You feel the power of Trog in you as your rage grows.
You kill the giant orange brain!
Trog accepts your kill.
The deep troll shaman dissolves into shadows!
The deep troll dissolves into shadows! x3
The iron troll dissolves into shadows!
The deep troll dissolves into shadows!
The ice dragon dissolves into shadows!
The fire giant dissolves into shadows!
The titan hits you!
* * * LOW HITPOINT WARNING * * *
You sock the titan!
The titan is poisoned.
The titan is lightly wounded.
You feel the effects of Trog's Hand fading.
The titan hits you!
You die...

####...#...≈ ##......'...≈
###.......''...
##$.........'...
##⌠=......)..#
##$)...!...#####
##........###.[.##
##....C))''#......##
##....)@(#')v.......#
#......(##.).........
###++#####.....(##...........%
........##''.(.##..%N.8.......
...........'(###............8.
≈§≈≈≈≈§....))###....).........
§.....≈§...))(.##...).....8.§.
...§§§....(.§...##...........#
§.≈≈≈...≈≈≈≈≈≈(§.#.......8..#


You could see a titan.

Vanquished Creatures
  An ancient lich (Depths:1)
  4 golden dragons
  3 bone dragons (Abyss:1)
  Jorgrun (Swamp:4)
  Rupert (Orc:2)
  4 liches
  A quicksilver dragon (Depths:2)
  15 tentacled starspawn
  An Executioner (Abyss:1)
  3 sphinxes
  A thorn hunter (Swamp:4)
  4 tengu reavers
  3 shadow dragons
  2 fire giants (Depths:2)
  3 balrugs
  Maud (D:12)
  Aizul (Swamp:3)
  Louise (D:15)
  5 ghost moths
  7 emperor scorpions
  6 frost giants
  3 cacodemons (Abyss:1)
  An orc warlord (Orc:4)
  A spriggan defender (Depths:3)
  A reaper (Depths:2)
  A vampire knight (Depths:2)
  6 very ugly things
  A war gargoyle (Depths:3)
  The ghost of Goblin1989 the Grappler, a journeyman VSMo of Elyvilon (Lair:8)
  A green draconian (Abyss:1)
  10 stone giants
  4 salamander stormcallers
  Azrael (D:12)
  4 deep elf annihilators (Depths:1)
  A white draconian (IceCv)
  2 blizzard demons
  The ghost of bollicks1999 the Blocker, a journeyman MiFi of Okawaru (D:15)
  A deep elf death mage (Depths:2)
  2 green deaths (Abyss:1)
  4 ettins (Depths:2)
  Josephine (D:12)
  7 yaktaur captains
  6 entropy weavers
  A deep elf high priest (Depths:3)
  8 fire dragons
  3 jiangshi
  9 ice dragons
  A caustic shrike simulacrum (Depths:3)
  7 ogre magi
  7 great orbs of eyes
  5 rakshasas
  4 ghost crabs
  24 hydras
  7 centaur warriors
  The ghost of inmateoo the Arsonist, a journeyman DEFE of Vehumet (D:11)
  11 alligators
  3 deep troll shamans
  4 orc high priests (Orc:4)
  8 deep troll earth magi
  8 death yaks
  10 tengu warriors
  A queen ant (Spider:4)
  3 hell hogs (Abyss:1)
  9 sun demons
  11 thrashing horrors (Abyss:1)
  8 spriggan berserkers
  Urug (Lair:2)
  5 vampire magi
  2 soul eaters
  11 spriggans
  21 hell knights
  The ghost of emiel the Cleaver, a novice DDNe of Makhleb (Lair:1)
  9 wretched stars (Abyss:1)
  A skeletal warrior (Depths:3)
  3 unseen horrors
  4 ice devils
  A shadow wraith (Abyss:1)
  3 iron trolls (Depths:2)
  A spatial maelstrom (Abyss:1)
  5 deep trolls
  2 spriggan druids
  6 wizards
  A torturous demonspawn (Depths:2)
  A flayed ghost (Abyss:1)
  2 lindwurms (Lair:8)
  3 giant orange brains
  An anubis guard (shapeshifter) (D:14)
  10 swamp dragons
  3 shambling mangroves (Swamp:4)
  An orb spider (shapeshifter) (D:14)
  A wolf spider zombie (D:15)
  7 hill giants
  4 orc knights (Orc:4)
  A deep elf conjurer (Depths:1)
  3 necromancers
  A frost giant zombie (Abyss:1)
  4 hornets
  29 wolf spiders
  19 orb spiders
  20 large abominations
  2 stone giant zombies (Depths:2)
  3 griffons
  A manticore (D:11)
  45 ugly things
  A rust devil (Abyss:1)
  A wolf spider (shapeshifter) (Depths:3)
  26 elephants
  3 orc sorcerers (Orc:4)
  3 cyclopes
  An elephant (shapeshifter) (Depths:2)
  A moth of wrath (Spider:1)
  2 octopodes (shapeshifter) (Depths:2)
  A worldbinder (Abyss:1)
  2 apocalypse crabs
  3 sixfirhies
  An ice statue (D:9)
  4 black mambas
  An orange demon (Abyss:1)
  6 torpor snails
  Psyche (D:11)
  2 molten gargoyles (Volcano)
  3 naga magi
  3 smoke demons (Abyss:1)
  2 gargoyles
  5 fire drakes
  19 yaktaurs
  12 spiny frogs
  4 efreet
  7 komodo dragons
  A komodo dragon (shapeshifter) (D:14)
  7 ancient zymes
  A hellwing (Abyss:1)
  14 polar bears (IceCv)
  10 demonic crawlers
  A tormentor (Abyss:1)
  5 freezing wraiths
  29 jumping spiders
  A silent spectre (Abyss:3)
  A spriggan skeleton (Depths:2)
  6 red devils
  3 trolls
  8 tengu conjurers
  20 small abominations
  3 bog bodies
  8 giant leeches
  30 slime creatures
  Prince Ribbit (D:7)
  A trapdoor spider zombie (D:14)
  A wind drake (shapeshifter) (Depths:2)
  6 two-headed ogres
  10 ynoxinuls
  5 boulder beetles
  36 blink frogs
  2 fire giant simulacra (Depths:3)
  46 yaks
  16 raiju (Abyss:1)
  6 wraiths
  31 trapdoor spiders
  9 flying skulls (Abyss:1)
  40 redbacks
  A vampire (D:15)
  3 deep elf magi (D:12)
  An air elemental (Abyss:1)
  A wyvern (Lair:4)
  2 shadows
  4 chaos spawn
  2 water elementals
  8 neqoxecs (Abyss:1)
  7 hippogriffs
  7 basilisks
  26 tarantellas
  2 hungry ghosts
  4 fire elementals (D:12)
  A warg (shapeshifter) (Depths:1)
  2 spatial vortices (Abyss:1)
  30 vampire mosquitoes
  22 wolves
  2 steam dragons (D:5)
  25 swamp worms
  15 insubstantial wisps
  A mottled dragon (D:14)
  7 porcupines
  3 hell hounds
  Duvessa (D:6)
  A phantom (D:12)
  9 water moccasins
  2 sky beasts
  20 ice beasts
  21 spiders
  3 soldier ants
  14 swamp drakes
  25 wasps
  A black bear (shapeshifter) (D:14)
  6 black bears
  11 centaurs
  28 orc warriors
  4 eyes of draining
  13 crocodiles
  A manticore skeleton (Abyss:1)
  2 necrophages
  13 giant frogs
  7 big kobolds
  9 brain worms
  29 ogres
  Blork the orc (D:4)
  Dowan (D:6)
  4 scorpions
  14 killer bees
  17 wights
  A water moccasin skeleton (D:8)
  9 crimson imps
  7 electric eels
  6 centaur zombies
  A giant frog zombie (D:6)
  A hound (D:5)
  42 starcursed masses
  4 jellies
  3 iron imps (Abyss:1)
  25 orc priests
  A lava snake (Volcano)
  3 quasits
  4 centaur skeletons
  4 giant frog skeletons
  18 worker ants
  27 orc wizards
  A troll simulacrum (Abyss:1)
  6 iguanas
  34 sheep
  A hound skeleton (D:6)
  14 mummies
  A worker ant zombie (D:6)
  4 gnolls (D:6)
  23 adders
  75 river rats
  2 shadow imps
  6 white imps (Abyss:1)
  3 ufetubi (Abyss:1)
  An ooze (D:1)
  An adder zombie (D:5)
  17 worms
  An adder skeleton (D:4)
  8 giant geckos
  139 orcs
  7 bats
  7 giant cockroaches
  9 hobgoblins
  8 jackals
  36 kobolds
  6 quokkas
  A ball python (D:5)
  4 giant newts
  2 gnoll skeletons (Ossuary)
  5 goblins
  A goblin skeleton (Ossuary)
  A kobold skeleton (Ossuary)
  4 orc skeletons (Ossuary)
  A quokka zombie (D:5)
  6 rats
  11 rat skeletons (Ossuary)
  A bush (D:6)
  2 plants
  12 starspawn tentacles (Abyss:1)
2041 creatures vanquished.

Vanquished Creatures (collateral kills)
  A fire giant (Depths:1)
  An entropy weaver (Depths:1)
  An ogre mage (Depths:1)
  A tengu warrior (Depths:1)
  A deep troll shaman (Depths:1)
  An ugly thing (Depths:1)
  A freezing wraith (Abyss:1)
  3 large abominations (Abyss:1)
  3 redbacks (Depths:1)
  A small abomination (Abyss:1)
  5 starcursed masses (Abyss:1)
19 creatures vanquished.

Vanquished Creatures (others)
  A fire giant (Depths:2)
  A spriggan defender (Depths:3)
  A jiangshi (Depths:3)
  A hydra (Swamp:3)
  A spriggan air mage (Depths:3)
  A spriggan berserker (Depths:3)
  An unseen horror (D:15)
  A wizard (Depths:1)
  A tengu conjurer (Depths:1)
  A fire giant simulacrum (Depths:3)
  A redback (Spider:4)
  A wraith (Depths:3)
  An orc warrior (Orc:4)
  A swamp drake (Swamp:4)
  A boggart (Abyss:3)
  An orc priest (Orc:4)
  An adder (D:9)
  2 orcs
  A kobold (D:14)
  A fire vortex (Depths:3)
  10 fungi
  A lurking horror (Abyss:1)
  31 plants
  36 starspawn tentacles
  294 starspawn tentacle segments (Abyss:1)
393 creatures vanquished.

Grand Total: 2453 creatures vanquished

Notes
Turn   | Place    | Note
--------------------------------------------------------------
     0 | D:1      | theElss the Gargoyle Berserker began the quest for the Orb.
     0 | D:1      | Reached XP level 1. HP: 14/14 MP: 1/1
   204 | D:1      | Reached XP level 2. HP: 13/19 MP: 2/2
   761 | D:1      | Reached XP level 3. HP: 21/24 MP: 3/3
  1291 | D:2      | Reached ** piety under Trog
  1476 | D:2      | Found an ancient bone altar of Kikubaaqudgha.
  1666 | D:3      | Reached skill level 4 in Maces & Flails
  1805 | D:2      | Reached XP level 4. HP: 26/29 MP: 4/4
  1923 | D:3      | Found a stormy altar of Qazlal.
  2055 | D:3      | Reached skill level 1 in Shields
  2082 | D:3      | Reached XP level 5. HP: 24/34 MP: 5/5
  2532 | D:4      | Found Qunyut's Armour Shop.
  2568 | D:4      | Found Matwin's Assorted Antiques.
  2781 | D:4      | Found Puudeofuu's Magic Scroll Shoppe.
  2812 | D:4      | Bought a scroll of teleportation for 33 gold pieces
  2812 | D:4      | Bought a scroll of identify for 22 gold pieces
  2812 | D:4      | Bought a scroll of remove curse for 33 gold pieces
  2933 | D:4      | Found a radiant altar of Vehumet.
  2943 | D:4      | Noticed Blork the orc
  2952 | D:4      | Killed Blork the orc
  2952 | D:4      | Reached skill level 5 in Fighting
  2952 | D:4      | Reached XP level 6. HP: 40/40 MP: 6/6
  2957 | D:4      | Reached skill level 5 in Maces & Flails
  3156 | D:5      | Entered Level 5 of the Dungeon
  3195 | D:5      | Reached *** piety under Trog
  3437 | D:5      | Reached XP level 7. HP: 44/44 MP: 7/7
  3479 | D:5      | Noticed a steam dragon
  3481 | D:5      | Noticed a steam dragon
  3492 | D:5      | Killed a steam dragon
  3492 | D:5      | Reached skill level 6 in Maces & Flails
  3494 | D:5      | Killed a steam dragon
  3650 | D:5      | Reached skill level 7 in Maces & Flails
  3863 | D:5      | Reached XP level 8. HP: 42/50 MP: 8/8
  4036 | D:5      | Reached skill level 8 in Maces & Flails
  4064 | D:6      | Found a basalt altar of Yredelemnul.
  4314 | D:6      | Reached skill level 9 in Maces & Flails
  4371 | D:6      | Noticed Dowan
  4372 | D:6      | Noticed Duvessa
  4378 | D:6      | Killed Duvessa
  4386 | D:6      | Killed Dowan
  4489 | D:6      | Found a staircase to the Ecumenical Temple.
  4567 | D:6      | Reached skill level 10 in Maces & Flails
  4577 | D:6      | Found a snail-covered altar of Cheibriados.
  4579 | D:6      | Found a sparkling altar of Nemelex Xobeh.
  4768 | D:7      | Found Leqodosi's Gadget Shop.
  4823 | D:7      | Noticed Prince Ribbit
  4833 | D:7      | Killed Prince Ribbit
  4833 | D:7      | Reached XP level 9. HP: 44/54 MP: 9/9
  4860 | D:7      | Reached **** piety under Trog
  5014 | D:7      | Found Fupn's Distillery.
  5123 | D:7      | Reached skill level 11 in Maces & Flails
  5260 | D:7      | Found Itsoulur's Assorted Antiques.
  5265 | D:7      | Found a sand-covered staircase.
  5279 | Ossuary  | Entered an ossuary
  5809 | D:7      | Found a sacrificial altar of Ru.
  5880 | D:7      | Found Ceskekeriva's Food Emporium.
  6338 | D:8      | Reached skill level 12 in Maces & Flails
  6466 | D:8      | Reached XP level 10. HP: 59/59 MP: 6/10
  6835 | D:9      | Reached skill level 13 in Maces & Flails
  7333 | D:9      | Reached ***** piety under Trog
  7521 | D:9      | Reached skill level 14 in Maces & Flails
  8060 | D:4      | Bought a scroll of enchant weapon for 82 gold pieces
  8060 | D:4      | Bought a scroll of recharging for 104 gold pieces
  8060 | D:4      | Bought a scroll of teleportation for 33 gold pieces
  8303 | D:10     | Entered Level 10 of the Dungeon
  8428 | D:10     | Noticed an elephant
  8458 | D:10     | Killed an elephant
  8600 | D:10     | Found a staircase to the Lair.
  8692 | D:10     | Received a gift from Trog
  8936 | D:11     | Reached XP level 11. HP: 64/64 MP: 11/11
  8941 | D:11     | Reached skill level 15 in Maces & Flails
  9021 | D:11     | Noticed inmateoo's ghost (journeyman DEFE)
  9050 | D:11     | Killed inmateoo's ghost
  9084 | D:11     | Got a shadowed robe
  9180 | D:11     | Found a staircase to the Orcish Mines.
  9408 | D:11     | Noticed a manticore
  9412 | D:11     | Noticed a hill giant
  9422 | D:11     | Received a gift from Trog
  9429 | D:11     | Killed a manticore
  9434 | D:11     | Killed a hill giant
  9437 | D:11     | Got an encrusted great mace {god gift}
  9445 | D:11     | Identified the +5 great mace "Daimel" {venom, rC+ Str+4} (Trog gifted it to you on level 11 of the Dungeon)
  9510 | D:11     | Noticed Psyche
  9516 | D:11     | Killed Psyche
  9516 | D:11     | Reached skill level 5 in Shields
  9592 | D:11     | Noticed a brown ugly thing
  9602 | D:11     | Killed a brown ugly thing
  9602 | D:11     | Reached skill level 5 in Armour
  9799 | D:12     | Noticed Maud
  9815 | D:12     | Killed Maud
 10038 | D:12     | Reached XP level 12. HP: 63/76 MP: 12/12
 10097 | D:12     | Noticed Azrael
 10117 | D:12     | Killed Azrael
 10194 | D:12     | Noticed a hill giant
 10207 | D:12     | Killed a hill giant
 10207 | D:12     | Reached skill level 10 in Fighting
 10449 | D:12     | Noticed Josephine
 10461 | D:12     | Killed Josephine
 10784 | D:12     | Killed an unseen horror
 10941 | D:11     | Noticed a hill giant
 10948 | D:11     | Killed a hill giant
 10979 | Lair:1   | Entered Level 1 of the Lair of Beasts
 11060 | Lair:1   | Noticed emiel's ghost (novice DDNe)
 11074 | Lair:1   | Killed emiel's ghost
 11183 | Lair:1   | Got a wavering steel ring
 11185 | Lair:1   | Identified the ring "Umuch" {rElec rC+ Str+3 Stlth-} (You found it on level 1 of the Lair of Beasts)
 11572 | Lair:1   | Received a gift from Trog
 11853 | Lair:2   | Noticed Urug
 11869 | Lair:2   | Killed Urug
 11869 | Lair:2   | Reached XP level 13. HP: 74/85 MP: 13/13
 11939 | Lair:2   | You fall through a shaft!
 13776 | Lair:4   | Found a hole to the Spider Nest.
 13846 | Lair:4   | Received a gift from Trog
 14149 | Lair:4   | Found a runed door.
 14352 | Lair:4   | Reached skill level 10 in Shields
 14757 | Lair:5   | Found a staircase to the Swamp.
 15872 | Lair:6   | Reached skill level 10 in Armour
 15872 | Lair:6   | Gained mutation: Your large and strong wings let you fly indefinitely. [Gargoyle growth]
 15872 | Lair:6   | Reached XP level 14. HP: 74/94 MP: 14/14
 16235 | Lair:6   | Reached ****** piety under Trog
 16451 | Lair:7   | Received a gift from Trog
 16480 | Lair:7   | Got a dazzling shortbow
 17040 | Lair:2   | Received a gift from Trog
 17213 | D:9      | Noticed an ice statue
 17427 | D:9      | Killed an ice statue
 17450 | D:9      | Noticed a frost giant
 17458 | D:9      | Killed a frost giant
 17817 | D:9      | Noticed an ice dragon
 17825 | D:9      | Killed an ice dragon
 18683 | Lair:8   | Entered Level 8 of the Lair of Beasts
 18894 | Lair:8   | Noticed Goblin1989's ghost (journeyman VSMo)
 18911 | Lair:8   | Killed Goblin1989's ghost
 18996 | Lair:8   | Reached skill level 15 in Fighting
 19035 | Lair:8   | Found a staircase to the Slime Pits.
 19037 | Lair:8   | Found a viscous altar of Jiyva.
 19114 | Lair:8   | Found a frozen archway.
 19150 | IceCv    | Entered an ice cave
 19246 | IceCv    | Received a gift from Trog
 19319 | IceCv    | Reached XP level 15. HP: 95/103 MP: 15/15
 20075 | Lair:8   | Reached skill level 16 in Fighting
 20819 | Lair:8   | Found a runed door.
 20863 | Lair:8   | Lost intelligence.
 20992 | Lair:8   | Got a transparent wooden ring
 21951 | Lair:2   | Identified the ring "Ligeerpho" {Ice rPois Dex+2} (You found it on level 8 of the Lair of Beasts)
 22206 | D:13     | Received a gift from Trog
 22342 | D:13     | Got a polished morningstar
 22343 | D:13     | Identified the +5 morningstar of Joyful Slaughter {venom, rN+ MR+} (You found it on level 13 of the Dungeon)
 22737 | D:14     | Found a gate to the Vaults.
 22919 | D:14     | Reached skill level 17 in Fighting
 23073 | D:14     | Reached XP level 16. HP: 107/112 MP: 16/16
 23329 | D:14     | Found a glowing golden altar of the Shining One.
 23527 | D:15     | Entered Level 15 of the Dungeon
 23649 | D:15     | Noticed bollicks1999's ghost (journeyman MiFi)
 23672 | D:15     | Killed bollicks1999's ghost
 23701 | D:15     | Identified a scroll of acquirement
 23869 | D:15     | Reached skill level 1 in Evocations
 23879 | D:15     | Noticed Louise
 23889 | D:15     | Killed Louise
 24205 | D:15     | Found a staircase to the Depths.
 24213 | D:15     | Cast into the Abyss (an ogre mage)
 24318 | Abyss:1  | Reached skill level 5 in Evocations
 24412 | Abyss:1  | Paralysed by accursed screaming for 1 turns
 24419 | Abyss:1  | Paralysed by accursed screaming for 1 turns
 25125 | Abyss:1  | Noticed a tentacled starspawn
 25136 | Abyss:1  | Killed a tentacled starspawn
 25148 | Abyss:1  | Received a gift from Trog
 25281 | Abyss:1  | Noticed a tentacled starspawn
 25294 | Abyss:1  | Killed a tentacled starspawn
 25337 | Abyss:1  | Noticed a lich
 25348 | Abyss:1  | Killed a lich
 25354 | Abyss:1  | Noticed a bone dragon
 25380 | Abyss:1  | Killed a bone dragon
 25419 | Abyss:1  | Reached XP level 17. HP: 85/118 MP: 22/24
 25429 | Abyss:1  | Noticed a tentacled starspawn
 25429 | Abyss:1  | Noticed a tentacled starspawn
 25435 | Abyss:1  | Killed a tentacled starspawn
 25439 | Abyss:1  | Killed a tentacled starspawn
 25440 | Abyss:1  | Reached skill level 10 in Evocations
 25553 | Abyss:1  | Noticed a tentacled starspawn
 25880 | Abyss:1  | Paralysed by accursed screaming for 1 turns
 26409 | Abyss:1  | Found a sparkling altar of Nemelex Xobeh.
 26590 | Abyss:1  | Found a corrupted altar of Lugonu.
 26772 | Abyss:1  | Noticed a bone dragon
 26794 | Abyss:1  | Killed a bone dragon
 27037 | Abyss:1  | Reached XP level 18. HP: 35/124 MP: 27/27
 27147 | Abyss:1  | HP: 6/124 [tentacled starspawn (11)]
 27216 | Abyss:1  | Reached skill level 15 in Shields
 27498 | Abyss:1  | HP: 5/124 [burnt (4)]
 27604 | Abyss:1  | Noticed a bone dragon
 27630 | Abyss:1  | Killed a bone dragon
 27705 | Abyss:1  | Reached skill level 18 in Fighting
 28096 | D:15     | Escaped the Abyss
 28470 | Orc:1    | Entered Level 1 of the Orcish Mines
 28470 | Orc:1    | Found a roughly hewn altar of Beogh.
 28634 | Orc:2    | Found Zozuybb's Magic Scroll Boutique.
 28674 | Orc:2    | Bought a scroll of holy word for 105 gold pieces
 28754 | Orc:2    | Found Qabboir's Book Emporium.
 28759 | Orc:2    | Noticed Rupert
 28761 | Orc:2    | Found Bajewn's Weapon Shop.
 28776 | Orc:2    | Killed Rupert
 28984 | Orc:3    | Received a gift from Trog
 29037 | Orc:3    | Found Naqub's Magic Scroll Shoppe.
 29164 | Orc:3    | Found a dark tunnel.
 29178 | Volcano  | Entered a volcano
 29340 | Volcano  | Found a bloodstained altar of Trog.
 29681 | Orc:2    | Found Ruwy Ah Xekk's Weapon Emporium.
 29724 | Orc:1    | Found Lovixev's Food Boutique.
 30280 | Orc:4    | Entered Level 4 of the Orcish Mines
 30346 | Orc:4    | Found a roughly hewn altar of Beogh.
 30722 | Orc:4    | Found a bloodstained altar of Trog.
 30781 | Orc:4    | Found a staircase to the Elven Halls.
 31090 | Orc:4    | Found Zelozaydi's General Store.
 31106 | Orc:4    | Found Kairyf's Jewellery Shoppe.
 31107 | Orc:4    | Found Echucze's Antique Armour Shoppe.
 31107 | Orc:4    | Found Daytrif's Antique Weapon Emporium.
 31112 | Orc:4    | Bought a smoking morningstar for 189 gold pieces
 31121 | Orc:4    | Bought an uncursed ring of see invisible for 225 gold pieces
 31121 | Orc:4    | Bought a potion of heal wounds for 75 gold pieces
 31122 | Orc:4    | Bought an uncursed amulet of clarity for 200 gold pieces
 31402 | Orc:4    | Bought an encrusted plate armour for 840 gold pieces
 31412 | Orc:4    | Identified the cursed +0 plate armour of Tulips {rF- MR- Int+5 SInv} (You bought it in a shop on level 4 of the Orcish Mines)
 31608 | D:7      | Bought a wand of heal wounds (3) for 546 gold pieces
 31749 | Lair:2   | Identified the +12 morningstar "Joig Nemp" {venom, rC++ Dex-5} (You bought it in a shop on level 4 of the Orcish Mines)
 31835 | Swamp:1  | Entered Level 1 of the Swamp
 31880 | Swamp:1  | Received a gift from Trog
 32512 | Swamp:2  | Reached XP level 19. HP: 75/130 MP: 28/28
 32839 | Swamp:2  | Received a gift from Trog
 33175 | Swamp:2  | You are sucked into a shaft!
 33201 | Swamp:3  | Noticed Aizul
 33215 | Swamp:3  | Killed Aizul
 34230 | Swamp:4  | Entered Level 4 of the Swamp
 34703 | Swamp:4  | Received a gift from Trog
 34777 | Swamp:4  | Received a gift from Trog
 34977 | Swamp:4  | Got a decaying rune of Zot
 35355 | Swamp:4  | Noticed Jorgrun
 35361 | Swamp:4  | Killed Jorgrun
 36073 | Spider:1 | Entered Level 1 of the Spider Nest
 36876 | Spider:1 | Received a gift from Trog
 36920 | Spider:1 | Reached XP level 20. HP: 137/137 MP: 29/29
 37754 | Spider:2 | Received a gift from Trog
 37754 | Spider:2 | Reached skill level 19 in Fighting
 38459 | Spider:4 | Entered Level 4 of the Spider Nest
 38638 | Spider:4 | Received a gift from Trog
 39556 | Spider:4 | Got a gossamer rune of Zot
 40021 | Depths:1 | Entered Level 1 of the Depths
 40022 | Depths:1 | Found a one-way gate leading to the halls of Pandemonium.
 40040 | Depths:1 | Received a gift from Trog
 40156 | Depths:1 | Cast into the Abyss (an ogre mage)
 40429 | Abyss:3  | Paralysed by accursed screaming for 2 turns
 40438 | Abyss:3  | Paralysed by accursed screaming for 1 turns
 40598 | Depths:1 | Escaped the Abyss
 40611 | Depths:1 | Reached XP level 21. HP: 121/144 MP: 30/30
 40797 | Depths:1 | Received a gift from Trog
 40913 | Depths:1 | Found a gateway to Hell.
 41981 | Depths:1 | Found a runed door.
 42120 | Depths:1 | Reached skill level 20 in Fighting
 42409 | Depths:1 | Found a radiant altar of Vehumet.
 42409 | Depths:1 | Noticed an ancient lich
 42424 | Depths:1 | Killed an ancient lich
 43179 | Depths:2 | Received a gift from Trog
 43289 | Depths:2 | Got a scorched falchion {god gift}
 43813 | Depths:2 | Reached XP level 22. HP: 144/152 MP: 31/31
 43890 | Depths:2 | Received a gift from Trog
 44621 | Depths:2 | Found a gateway to a ziggurat.
 44787 | Depths:2 | Paralysed by a sphinx for 2 turns
 44992 | Depths:2 | Paralysed by a vampire knight for 7 turns
 45385 | Depths:2 | Paralysed by a sphinx for 5 turns
 45392 | Depths:2 | Reached skill level 15 in Armour
 45401 | Depths:2 | Got a faintly glowing morningstar
 45404 | Depths:2 | Identified the +4 falchion of Xima {speed, *Confuse rF- rC+++ Str+2} (Trog gifted it to you on level 2 of the Depths)
 45405 | Depths:2 | Identified the +7 morningstar of Dividends {crush, MP+9 Int+2} (You found it on level 2 of the Depths)
 45539 | Depths:2 | Noticed a golden dragon
 45544 | Depths:2 | Killed a golden dragon
 45690 | Depths:2 | Noticed a golden dragon
 45708 | Depths:2 | Killed a golden dragon
 45716 | Depths:2 | Reached skill level 21 in Shields
 46142 | Depths:2 | Received a gift from Trog
 47080 | Depths:3 | Reached XP level 23. HP: 133/159 MP: 32/32
 47095 | Depths:3 | Received a gift from Trog
 47105 | Depths:3 | Found an opulent altar of Gozag.
 47761 | Depths:3 | HP: 7/240 [titan (17)]
 47762 | Depths:3 | Slain by a titan

Action                   |  1- 3 |  4- 6 |  7- 9 | 10-12 | 13-15 | 16-18 | 19-21 | 22-24 || total
-------------------------+-------+-------+-------+-------+-------+-------+-------+-------++-------
Melee: Mace              |   131 |   121 |       |       |       |       |       |       ||   252
       Flail             |       |    31 |    30 |    33 |       |       |       |       ||    94
       Morningstar       |       |    11 |   414 |   217 |   160 |  1882 |  1847 |   775 ||  5306
       Demon whip        |       |       |       |   445 |   867 |       |       |       ||  1312
       Great mace        |       |       |       |    31 |   418 |       |       |       ||   449
Invok: Berserk           |     1 |     3 |     2 |     6 |     1 |    15 |     6 |     6 ||    40
       Trog's Hand       |       |       |     1 |     2 |       |    11 |     3 |     2 ||    19
       Brothers in Arms  |       |       |       |       |       |     2 |     2 |     1 ||     5
 Abil: Fly               |       |       |       |       |     1 |       |     1 |       ||     2
Evoke: Wand              |       |       |       |       |       |       |     1 |     2 ||     3
  Use: Scroll            |       |     5 |     1 |     8 |    13 |     6 |     1 |     2 ||    36
       Potion            |       |       |       |     2 |       |     3 |       |       ||     5
 Stab: Distracted        |       |       |       |       |     1 |     1 |     1 |       ||     3
       Invisible         |       |       |       |       |       |     1 |       |       ||     1
       Paralysed         |       |       |       |       |       |     2 |       |       ||     2
  Eat: Chunk             |     4 |     9 |    12 |    23 |    37 |    24 |    37 |    16 ||   162
       Beef jerky        |       |       |       |     1 |       |       |     3 |       ||     4
       Fruit             |       |       |       |       |     2 |       |       |       ||     2
       Royal jelly       |       |       |       |       |     1 |       |       |     1 ||     2
       Pizza             |       |       |       |       |       |     3 |       |       ||     3
       Bread ration      |       |       |       |       |       |     5 |       |       ||     5
       Meat ration       |       |       |       |       |       |       |     1 |       ||     1
